TOP OF THE 1ST |
Clinton LumberKings batting - Pitching for Lexington Legends : RHP Tony Jimenez
|
Pitching: RHP Tony Jimenez
|
|
Batting: RHB Doug Carter
|
0-0: Called Strike 0-1: Bunt missed! 0-2: Foul Ball, location: 2F 0-2: Ground out U3 (Groundball, 3, EV 88.1 MPH)
|
Batting: RHB Rich Justice
|
0-0: Ground out 1-3 (Groundball, 15S, EV 62.5 MPH)
|
Batting: RHB Ryan Criollo
|
0-0: Ball 1-0: Foul Ball, location: 2F 1-1: SINGLE (Groundball, 4MD, EV 110.6 MPH)
|
Batting: SHB Tony Morales
|
0-0: Fielders Choice at 2nd, 6-4 (Groundball, 6, EV 97.5 MPH)
|
Top of the 1st over - 0 runs, 1 hit, 0 errors, 1 left on base; Clinton 0 - Lexington 0 |
BOTTOM OF THE 1ST |
Lexington Legends batting - Pitching for Clinton LumberKings : RHP Mike Watkins
|
Pitching: RHP Mike Watkins
|
|
Batting: RHB Kevin Wimberly
|
0-0: Ball 1-0: Called Strike 1-1: Ball 2-1: Foul Ball, location: 2F 2-2: Foul Ball, location: 2F 2-2: Hit by Pitch
|
Batting: RHB Chad Sullivan
|
0-0: Ball 1-0: Ball 2-0: Foul Ball, location: 2F 2-1: Called Strike 2-2: Foul Ball, location: 2F 2-2: Fielders Choice at 2nd, 6-4 (Groundball, 6, EV 85.0 MPH)
|
Batting: RHB Nick Julien
|
0-0: Ball Chad Sullivan is caught stealing 2nd base 2-4 1-0: Ball 2-0: Ball 3-0: Base on Balls
|
Batting: SHB Bill Ertl
|
0-0: Ball 1-0: Called Strike Nick Julien is caught stealing 2nd base 2-6
|
Bottom of the 1st over - 0 runs, 0 hits, 0 errors, 0 left on base; Clinton 0 - Lexington 0 |
TOP OF THE 2ND |
Clinton LumberKings batting - Pitching for Lexington Legends : RHP Tony Jimenez
|
Batting: RHB Tze-meng Li
|
0-0: Ball 1-0: Ball 2-0: Called Strike 2-1: Ball 3-1: Base on Balls
|
Batting: RHB Omar Solis
|
0-0: Called Strike 0-1: Fielders Choice at 2nd, 1-4 (Groundball, 15S, EV 69.4 MPH)
|
Batting: SHB Raghnall Ahearne
|
0-0: Ball 1-0: Ball 2-0: Foul Ball, location: 2F 2-1: Foul Ball, location: 2F 2-2: Ball Omar Solis is caught stealing 2nd base 2-6 3-2: Strikes out swinging
|
Top of the 2nd over - 0 runs, 0 hits, 0 errors, 0 left on base; Clinton 0 - Lexington 0 |
BOTTOM OF THE 2ND |
Lexington Legends batting - Pitching for Clinton LumberKings : RHP Mike Watkins
|
Batting: SHB Bill Ertl
|
0-0: Ball 1-0: Foul Ball, location: 2F 1-1: Swinging Strike 1-2: Ball 2-2: Ball 3-2: Base on Balls
|
Batting: LHB Bobby Gonzalez
|
0-0: Ball 1-0: Swinging Strike 1-1: Ball 2-1: Ball 3-1: Grounds into double play, 4-6-3 (Groundball, 34D, EV 86.2 MPH)
|
Batting: RHB Justin Goff
|
0-0: Foul Ball, location: 2F 0-1: Fly out, F7 (Line Drive, 78D, EV 93.8 MPH)
|
Bottom of the 2nd over - 0 runs, 0 hits, 0 errors, 0 left on base; Clinton 0 - Lexington 0 |
TOP OF THE 3RD |
Clinton LumberKings batting - Pitching for Lexington Legends : RHP Tony Jimenez
|
Pitching: RHP Ian Current
|
|
Batting: RHB Bryan Shuller
|
0-0: Ball 1-0: Ground out 1-3 (Groundball, 15, EV 75.6 MPH)
|
Batting: RHB Richie Schraven
|
0-0: Foul Ball, location: 2F 0-1: Ground out 1-3 (Groundball, 34S, EV 70.0 MPH)
|
Batting: RHB Doug Carter
|
0-0: Ball 1-0: Ball 2-0: Called Strike 2-1: Ball 3-1: SINGLE (Groundball, 6S, EV 70.6 MPH) (infield hit)
|
Batting: RHB Rich Justice
|
0-0: Ball Doug Carter is caught stealing 2nd base 2-4
|
Top of the 3rd over - 0 runs, 1 hit, 0 errors, 0 left on base; Clinton 0 - Lexington 0 |
BOTTOM OF THE 3RD |
Lexington Legends batting - Pitching for Clinton LumberKings : RHP Mike Watkins
|
Batting: RHB Nate De Jongh
|
0-0: Foul Ball, location: 2F 0-1: Swinging Strike 0-2: Strikes out looking
|
Batting: LHB Josh Dalton
|
0-0: Called Strike 0-1: Ground out 5-3 (Groundball, 56, EV 97.5 MPH)
|
Batting: LHB Danny Pacheco
|
0-0: Ground out 4-3 (Groundball, 4, EV 96.2 MPH)
|
Bottom of the 3rd over - 0 runs, 0 hits, 0 errors, 0 left on base; Clinton 0 - Lexington 0 |
TOP OF THE 4TH |
Clinton LumberKings batting - Pitching for Lexington Legends : RHP Ian Current
|
Batting: RHB Rich Justice
|
0-0: Foul Ball, location: 2F 0-1: Bunted foul 0-2: Foul Ball, location: 2F 0-2: Ground out 5-3 (Groundball, 56, EV 84.4 MPH)
|
Batting: RHB Ryan Criollo
|
0-0: Foul Ball, location: 2F 0-1: Ground out 5-3 (Groundball, 15, EV 90.0 MPH)
|
Batting: SHB Tony Morales
|
0-0: Ball 1-0: Ground out 4-3 (Groundball, 13, EV 84.4 MPH)
|
Top of the 4th over - 0 runs, 0 hits, 0 errors, 0 left on base; Clinton 0 - Lexington 0 |
BOTTOM OF THE 4TH |
Lexington Legends batting - Pitching for Clinton LumberKings : RHP Mike Watkins
|
Batting: RHB Kevin Wimberly
|
0-0: Called Strike 0-1: SINGLE (Groundball, 56S, EV 65.0 MPH) (infield hit)
|
Batting: RHB Chad Sullivan
|
0-0: Called Strike 0-1: DOUBLE (Groundball, 5L, EV 107.5 MPH) Kevin Wimberly to third
|
Batting: RHB Nick Julien
|
0-0: Called Strike 0-1: Ball 1-1: Foul Ball, location: 2F 1-2: Ball 2-2: Ball 3-2: SINGLE (Flyball, 3D, EV 94.4 MPH) Kevin Wimberly scores Chad Sullivan to third
|
Batting: SHB Bill Ertl
|
0-0: Ball 1-0: Called Strike Nick Julien is caught stealing 2nd base 2-6 1-1: Foul Ball, location: 2F 1-2: Foul Ball, location: 2F 1-2: Foul Ball, location: 2F 1-2: Ball 2-2: Ball 3-2: Base on Balls
|
Batting: LHB Bobby Gonzalez
|
0-0: Ball Bill Ertl is caught stealing 2nd base 2-6 1-0: Ball 2-0: Ball 3-0: Called Strike 3-1: Base on Balls
|
Batting: RHB Justin Goff
|
0-0: Called Strike 0-1: Ball 1-1: Foul Ball, location: 2F 1-2: Ground out U3 (Groundball, 3, EV 81.9 MPH)
|
Bottom of the 4th over - 1 run, 3 hits, 0 errors, 2 left on base; Clinton 0 - Lexington 1 |
TOP OF THE 5TH |
Clinton LumberKings batting - Pitching for Lexington Legends : RHP Ian Current
|
Batting: RHB Tze-meng Li
|
0-0: Swinging Strike 0-1: Ball 1-1: Foul Ball, location: 2F 1-2: Ground out 4-3 (Groundball, 4, EV 88.8 MPH)
|
Batting: RHB Omar Solis
|
0-0: Ground out 4-3 (Groundball, 4, EV 89.4 MPH)
|
Batting: SHB Raghnall Ahearne
|
0-0: Ball 1-0: Ball 2-0: Swinging Strike 2-1: Ball 3-1: Swinging Strike 3-2: Strikes out swinging
|
Top of the 5th over - 0 runs, 0 hits, 0 errors, 0 left on base; Clinton 0 - Lexington 1 |
BOTTOM OF THE 5TH |
Lexington Legends batting - Pitching for Clinton LumberKings : RHP Mike Watkins
|
Batting: RHB Nate De Jongh
|
0-0: Ball 1-0: Swinging Strike 1-1: Ball 2-1: Called Strike 2-2: Ball 3-2: DOUBLE (Flyball, 8LXD, EV 104.4 MPH)
|
Pitching: RHP Daniel Villalobos
|
|
Batting: LHB Josh Dalton
|
0-0: Ball 1-0: Fly out, F8 (Flyball, 78D, EV 91.9 MPH) Runner from 2nd tags up, SAFE at 3rd with throw by CF
|
Batting: LHB Danny Pacheco
|
0-0: Ball 1-0: Ball 2-0: Ball 3-0: Called Strike 3-1: Base on Balls
|
Batting: RHB Kevin Wimberly
|
0-0: Called Strike 0-1: Foul Ball, location: 2F 0-2: Ball 1-2: Ball 2-2: Strikes out looking
|
Batting: RHB Chad Sullivan
|
0-0: Fielders Choice at 2nd, 4-6 (Groundball, 6M, EV 86.9 MPH)
|
Bottom of the 5th over - 0 runs, 1 hit, 0 errors, 2 left on base; Clinton 0 - Lexington 1 |
TOP OF THE 6TH |
Clinton LumberKings batting - Pitching for Lexington Legends : RHP Ian Current
|
Batting: RHB Bryan Shuller
|
0-0: Called Strike 0-1: Ball 1-1: Called Strike 1-2: Strikes out looking
|
Batting: RHB Richie Schraven
|
0-0: Swinging Strike 0-1: Swinging Strike 0-2: Strikes out swinging passed ball, reaches first!
|
Batting: RHB Doug Carter
|
0-0: Foul Ball, location: 2F 0-1: Fielders Choice at 2nd, 1-6 (Groundball, 13, EV 68.1 MPH)
|
Batting: RHB Rich Justice
|
0-0: Ball 1-0: Ball 2-0: Called Strike 2-1: Foul Ball, location: 2F 2-2: Foul Ball, location: 2F 2-2: Strikes out swinging
|
Top of the 6th over - 0 runs, 0 hits, 0 errors, 1 left on base; Clinton 0 - Lexington 1 |
BOTTOM OF THE 6TH |
Lexington Legends batting - Pitching for Clinton LumberKings : RHP Daniel Villalobos
|
Batting: RHB Nick Julien
|
0-0: Called Strike 0-1: Ball 1-1: Foul Ball, location: 2F 1-2: Ball 2-2: Foul Ball, location: 2F 2-2: Ball 3-2: SOLO HOME RUN (Flyball, 78XD, EV 110.6 MPH), Distance : 419 ft
|
Batting: SHB Bill Ertl
|
0-0: Ball 1-0: Ball 2-0: SINGLE (Groundball, 56S, EV 70.0 MPH) (infield hit)
|
Batting: LHB Bobby Gonzalez
|
0-0: Ball 1-0: Ball 2-0: Ball 3-0: Base on Balls Bill Ertl to second
|
Batting: RHB Justin Goff
|
0-0: Ball 1-0: Ball 2-0: Called Strike 2-1: Ball 3-1: Foul Ball, location: 2F 3-2: Fly out, F9 (Flyball, 89S, EV 77.5 MPH)
|
Batting: RHB Nate De Jongh
|
0-0: Called Strike 0-1: SINGLE (Groundball, 6MD, EV 95.6 MPH) Bill Ertl to third Bobby Gonzalez to second Runner from 3rd tries for Home, SAFE, throw by CF to home
|
Batting: LHB Josh Dalton
|
0-0: Called Strike 0-1: Fly out, F9 (Flyball, 89S, EV 87.5 MPH)
|
Batting: LHB Danny Pacheco
|
0-0: Ball 1-0: Swinging Strike 1-1: Called Strike 1-2: Foul Ball, location: 2F 1-2: Strikes out swinging
|
Bottom of the 6th over - 2 runs, 3 hits, 0 errors, 2 left on base; Clinton 0 - Lexington 3 |
TOP OF THE 7TH |
Clinton LumberKings batting - Pitching for Lexington Legends : RHP Ian Current
|
Pitching: RHP Luis Diaz
|
|
Batting: RHB Ryan Criollo
|
0-0: Swinging Strike 0-1: Called Strike 0-2: Ball 1-2: SINGLE (Line Drive, 9S, EV 105.0 MPH)
|
Batting: SHB Tony Morales
|
0-0: Called Strike 0-1: Ball 1-1: Called Strike 1-2: Ball 2-2: Foul Ball, location: 2F 2-2: Strikes out swinging
|
Batting: RHB Tze-meng Li
|
0-0: Ball Ryan Criollo steals 2nd base 1-0: Ground out 5-3 (Groundball, 56, EV 88.1 MPH)
|
Batting: RHB Omar Solis
|
0-0: Called Strike 0-1: Foul Ball, location: 2F 0-2: Ground out 1-3 (Groundball, 13S, EV 74.4 MPH)
|
Top of the 7th over - 0 runs, 1 hit, 0 errors, 1 left on base; Clinton 0 - Lexington 3 |
BOTTOM OF THE 7TH |
Lexington Legends batting - Pitching for Clinton LumberKings : RHP Daniel Villalobos
|
Pitching: RHP Bryce Blanksby
|
|
Batting: RHB Kevin Wimberly
|
0-0: Ball 1-0: Swinging Strike 1-1: Ball 2-1: Ball 3-1: Base on Balls
|
Batting: RHB Chad Sullivan
|
0-0: Ball 1-0: Ball 2-0: Sac Bunt to 2L - play at first, batter OUT! 2-3 Kevin Wimberly to second
|
Batting: RHB Nick Julien
|
0-0: Called Strike 0-1: Ground out 5-3 (Groundball, 56S, EV 82.5 MPH)
|
Batting: SHB Bill Ertl
|
0-0: SINGLE (Groundball, 56D, EV 108.1 MPH) Kevin Wimberly to third Runner from 3rd tries for Home, SAFE, throw by LF to home
|
Batting: LHB Bobby Gonzalez
|
0-0: Ball 1-0: Called Strike 1-1: Ball 2-1: Fly out, F8 (Line Drive, 8RD, EV 97.5 MPH)
|
Bottom of the 7th over - 1 run, 1 hit, 0 errors, 1 left on base; Clinton 0 - Lexington 4 |
TOP OF THE 8TH |
Clinton LumberKings batting - Pitching for Lexington Legends : RHP Luis Diaz
|
Batting: SHB Raghnall Ahearne
|
0-0: Called Strike 0-1: Ball 1-1: Called Strike 1-2: Ball 2-2: Ball 3-2: Ground out 4-3 (Groundball, 34, EV 105.6 MPH)
|
Batting: RHB Bryan Shuller
|
0-0: Ball 1-0: Ball 2-0: Ground out 5-3 (Groundball, 56, EV 85.0 MPH)
|
Batting: RHB Richie Schraven
|
0-0: Called Strike 0-1: Ball 1-1: Foul Ball, location: 2F 1-2: Ball 2-2: Ball 3-2: Base on Balls
|
Pitching: RHP Greg Sell
|
|
Batting: RHB Doug Carter
|
0-0: Ground out 1-3 (Groundball, 13S, EV 68.8 MPH)
|
Top of the 8th over - 0 runs, 0 hits, 0 errors, 1 left on base; Clinton 0 - Lexington 4 |
BOTTOM OF THE 8TH |
Lexington Legends batting - Pitching for Clinton LumberKings : RHP Bryce Blanksby
|
Batting: RHB Justin Goff
|
0-0: Ground out 6-3 (Groundball, 6, EV 93.1 MPH)
|
Batting: RHB Nate De Jongh
|
0-0: Ball 1-0: Foul Ball, location: 2F 1-1: Swinging Strike 1-2: Foul Ball, location: 2F 1-2: Ground out 6-3 (Groundball, 6, EV 86.2 MPH)
|
Batting: LHB Josh Dalton
|
0-0: Called Strike 0-1: Ball 1-1: Ball 2-1: Called Strike 2-2: Strikes out swinging
|
Bottom of the 8th over - 0 runs, 0 hits, 0 errors, 0 left on base; Clinton 0 - Lexington 4 |
TOP OF THE 9TH |
Clinton LumberKings batting - Pitching for Lexington Legends : RHP Greg Sell
|
Batting: RHB Rich Justice
|
0-0: Ball 1-0: Called Strike 1-1: Swinging Strike 1-2: Ball 2-2: Strikes out swinging
|
Batting: RHB Ryan Criollo
|
0-0: Called Strike 0-1: Ball 1-1: Ball 2-1: Ball 3-1: Foul Ball, location: 2F 3-2: Fly out, F9 (Flyball, 9LSF, EV 71.9 MPH)
|
Batting: SHB Tony Morales
|
0-0: Ball 1-0: Called Strike 1-1: Foul Ball, location: 2F 1-2: Ball 2-2: Ball 3-2: Reached on error, E6 (Groundball, 6, EV 103.1 MPH)
|
Batting: RHB Tze-meng Li
|
0-0: Ball 1-0: Ball 2-0: Swinging Strike 2-1: Ball 3-1: Base on Balls Tony Morales to second
|
Batting: RHB Omar Solis
|
0-0: Foul Ball, location: 5F, Error on foul ball, E5 0-1: Called Strike 0-2: SINGLE (Groundball, 25, EV 65.6 MPH) (infield hit) Tony Morales to third Tze-meng Li to second
|
Batting: SHB Raghnall Ahearne
|
0-0: Ball 1-0: Called Strike 1-1: Swinging Strike 1-2: Foul Ball, location: 2F 1-2: Strikes out swinging
|
Top of the 9th over - 0 runs, 1 hit, 2 errors, 3 left on base; Clinton 0 - Lexington 4 |
|